 Dungeon Crawl Stone Soup version 0.29.1-1-gd02db6906a (webtiles) character file.

Game seed: 12783135008778760908

114 LustLizard the Trooper (level 4, -2/37 HPs)
             Began as a Demonspawn Fighter on Oct 5, 2022.
             Slain by Crazy Yiuf
             ... wielding a +3 quarterstaff of chaos
              (14 damage)
             ... on level 2 of the Dungeon.
             The game lasted 00:03:01 (1803 turns).

LustLizard the Trooper (Demonspawn Fighter)         Turns: 1803, Time: 00:03:02

Health: -2/37      AC: 16    Str: 17    XL:     4   Next: 67%
Magic:  2/4        EV:  7    Int:  9    God:
Gold:   35         SH:  4    Dex: 14    Spells: 1/3 levels left

rFire   . . .      SeeInvis .   a - +0 long sword
rCold   . . .      Faith    .   c - +0 buckler
rNeg    . . .      Spirit   .   g - +2 chain mail {Will+}
rPois   .          Reflect  .   (no helmet)
rElec   .          Harm     .   e - +0 cloak
rCorr   .          Rampage  .   (no gloves)
Will    +....                   (no boots)
Stlth   ..........              (no amulet)
HPRegen 0.12/turn               q - +4 ring of protection
MPRegen 0.09/turn               (no ring)

@: no status effects
A: demonic guardian 1, weakness stinger 1
a: no special abilities


You were on level 2 of the Dungeon.
You visited 1 branch of the dungeon, and saw 2 of its levels.

You collected 35 gold pieces.

Inventory:

Hand Weapons
 a - a +0 long sword (weapon)
Armour
 b - a +0 scale mail
 c - a +0 buckler (worn)
 e - a +0 cloak (worn)
 g - a +2 chain mail of willpower (worn)
 k - a +3 leather armour
 l - a +0 chain mail
Jewellery
 q - a +4 ring of protection (left hand)
Scrolls
 h - a scroll of magic mapping {unknown}
 j - 2 scrolls of enchant armour {unknown}
 m - a scroll of silence {unknown}
 n - a scroll of teleportation {unknown}
 r - a scroll of blinking {unknown}
Potions
 d - a potion of might
 f - 3 potions of attraction
 i - a potion of flight
 o - a potion of heal wounds {unknown}
 p - a potion of haste {unknown}


   Skills:
 + Level 3.7 Fighting
 * Level 3.4 Long Blades
 - Level 2.6 Armour
 + Level 1.7 Dodging
 - Level 2.6 Shields
 * Level 0.0 Translocations


You had one spell level left.
You knew the following spells:

 Your Spells              Type           Power      Damage    Failure   Level
a - Blink                 Tloc           0%         N/A       100%        2

Your spell library contained the following spells:

 Spells                   Type           Power      Damage    Failure   Level
 Sandblast                Erth           0%         2d4       100%        1
 Passwall                 Tmut/Erth      0%         N/A       100%        2
 Lesser Beckoning         Tloc           0%         N/A       100%        3
 Portal Projectile        Hex/Tloc       0%         N/A       100%        3
 Stone Arrow              Conj/Erth      0%         3d7       100%        3
 Tukima's Dance           Hex            0%         N/A       100%        3
 Blade Hands              Tmut           0%         N/A       100%        5
 Manifold Assault         Tloc           0%         N/A       100%        5


Dungeon Overview and Level Annotations

Branches:
Dungeon (2/15)

Altars:

Annotations:
D:2 Crazy Yiuf


Innate Abilities, Weirdness & Mutations

A weak demonic guardian rushes to your aid.
You have a small tail.


Message History

Unknown command.
Sorry, you're not good enough to have a special ability.
Unknown command.
Okay, then.
You open the door. You hit Crazy Yiuf.
Crazy Yiuf is lightly wounded.
You block Crazy Yiuf's attack.
You slash Crazy Yiuf!
Crazy Yiuf is heavily wounded.
Crazy Yiuf yells, "Line Hive high!"
Crazy Yiuf hits you with a +3 quarterstaff of chaos!
You are confused.
You hit Crazy Yiuf.
Crazy Yiuf is heavily wounded.
Crazy Yiuf hits you with a +3 quarterstaff of chaos!
Crazy Yiuf draws strength from your wounds!
You bump into the tree.
You feel less confused. Crazy Yiuf barely misses you.
You barely miss Crazy Yiuf.
You tail-slap Crazy Yiuf, but do no damage.
Crazy Yiuf is moderately wounded.
Crazy Yiuf says, "Shadow!"
You block Crazy Yiuf's attack.
Crazy Yiuf hits you with a +3 quarterstaff of chaos.
You hit Crazy Yiuf but do no damage.
Your tail-slap misses Crazy Yiuf.
Crazy Yiuf is moderately wounded.
Crazy Yiuf hits you but does no damage.
You hit Crazy Yiuf.
Crazy Yiuf is heavily wounded.
Crazy Yiuf barely misses you.
You slash Crazy Yiuf!
Crazy Yiuf is almost dead.
Crazy Yiuf hits you with a +3 quarterstaff of chaos.
You feel your power leaking away.
You hit Crazy Yiuf but do no damage.
Crazy Yiuf is severely wounded.
Crazy Yiuf hits you with a +3 quarterstaff of chaos!
You die...

##### #)..#
#######
###### #...#
#### #......
.....# #####
... #..#
#.###..
.....# #...#
#g# #..#
#.#....
.....###...#
♣@♣♣
#..###.#.##.
.......'...#
♣♣.♣
#...........
####.###...#
♣.♣♣
#..####...#.
###†# #####
♣♣.♣ #..#
#...## #...#
♣♣.♣♣ #..#
#...##
#.#########
♣♣P..♣ ####
#.....
#.##......#
♣....♣ ###
#...##
#.##......#
#....# #.#
#...##
##.##......#
#....###.#
######


You could see Crazy Yiuf.

Vanquished Creatures
  Terence (D:2)
  A gnoll (D:1)
  3 adders (D:2)
  A worm (D:2)
  2 dart slugs
  6 endoplasms
  2 giant cockroaches (D:2)
  A goblin (D:1)
  3 hobgoblins
  3 jackals (D:2)
  A quokka (D:1)
  6 ball pythons
  5 bats
  5 frilled lizards
  4 kobolds (D:1)
  5 rats
49 creatures vanquished.

Notes
Turn   | Place    | Note
-------+----------+-------------------------------------------
     0 | D:1      | LustLizard the Demonspawn Fighter began the quest for the
                  | Orb.
     0 | D:1      | Reached XP level 1. HP: 18/18 MP: 1/1
    44 | D:1      | Discovered your monstrous ancestry.
    44 | D:1      | Gained mutation: You have a small tail. [demonic ancestry]
    44 | D:1      | Reached XP level 2. HP: 22/24 MP: 2/2
   382 | D:1      | Reached skill level 1 in Dodging
   388 | D:1      | Reached XP level 3. HP: 27/29 MP: 3/3
  1213 | D:2      | Gained mutation: A weak demonic guardian rushes to your
                  | aid. [demonic ancestry]
  1213 | D:2      | Reached XP level 4. HP: 35/35 MP: 4/4
  1291 | D:2      | Noticed Terence
  1306 | D:2      | Killed Terence
  1683 | D:2      | Found a runed translucent door.
  1684 | D:2      | Noticed Crazy Yiuf
  1745 | D:2      | Learned a level 2 spell: Blink
  1803 | D:2      | Slain by Crazy Yiuf

Illustrated notes

Levels and vault maps discovered:
D:1:      lordsloth_arrival_two_stooges, layout_basic, serial_bayou_pond_b
D:2:      layout_basic, minmay_pentomino_s4, uniq_crazy_yiuf_cottage,
          uniq_terence

Skill      XL: |  1  2  3 |
---------------+----------+-----
Long Blades    | 2 3 |  3.4
Dodging        | 1 |  1.7
Fighting       | |  3.7
Armour         | |  2.6
Shields        | |  2.6

Action                   |  1- 3 |  4- 6 || total
-------------------------+-------+-------++-------
Melee: Long sword        |    96 |    55 ||   151
       Tailslap          |     8 |     6 ||    14
  Use: Scroll            |     2 |       ||     2
 Stab: Sleeping          |     1 |       ||     1
Armor: Scale mail        |     9 |       ||     9
       Leather armour    |    34 |     6 ||    40
       Chain mail        |       |    19 ||    19
Dodge: Dodged            |    53 |    30 ||    83
Block: Buckler           |    31 |    13 ||    44
